 Dungeon Crawl Stone Soup version 0.21.1-1-g345015f (webtiles) character file.

25071 diana the Bludgeoner (level 12, -1/166 HPs)
             Began as a Minotaur Abyssal Knight on June 2, 2018.
             Was the Champion of Lugonu.
             Succumbed to a black mamba's poison
             ... on level 3 of the Lair of Beasts.
             The game lasted 00:27:57 (15133 turns).

diana the Bludgeoner (Minotaur Abyssal Knight)     Turns: 15133, Time: 00:27:58

Health: -1/166     AC: 26    Str: 24    XL:     12   Next: 86%
Magic:  16/16      EV:  2    Int:  9    God:    Lugonu [******]
Gold:   850        SH:  0    Dex: 10    Spells: 11/11 levels left

rFire    . . .     SeeInvis .   L - +5 dire flail
rCold    . . .     Gourm    .   (shield currently unavailable)
rNeg     + + +     Faith    .   (armour currently unavailable)
rPois    +         Spirit   .   (helmet currently unavailable)
rElec    .         Reflect  .   (cloak currently unavailable)
rCorr    .         Harm     +   (gloves currently unavailable)
MR       .....     NoTele   +   (boots currently unavailable)
Stlth    ++........             E - amulet of harm
HPRegen  0.37/turn              D - +2 ring of strength
MPRegen  0.15/turn              I - ring of stealth

@: lethally poisoned (-1 -> -14), tree-form
A: (retaliatory headbutt)
a: Depart the Abyss, Bend Space, Banish, Corrupt, Enter the Abyss, Brand Weapon
With Distortion, Renounce Religion


You were on level 3 of the Lair of Beasts.
You worshipped Lugonu.
Lugonu was exalted by your worship.
You were not hungry.
You were a tree.
You visited 2 branches of the dungeon, and saw 14 of its levels.
You visited the Abyss 1 time.

You collected 850 gold pieces.

Inventory:

Hand Weapons
 L - a +5 dire flail (weapon)
Armour
 a - a +0 pair of gloves of archery (melded)
 b - a +0 leather armour
 j - a scarf of repulsion (melded)
 p - a +0 chain mail of fire resistance
 C - a +0 plate armour (melded)
 K - a +0 pair of gloves
Jewellery
 D - a +2 ring of strength (left branch)
 E - an amulet of harm (around neck)
 F - an uncursed ring of ice
 I - a ring of stealth (right branch)
Wands
 y - a wand of iceblast (25)
Scrolls
 g - 4 scrolls of teleportation
 i - 4 scrolls of amnesia
 m - 3 scrolls of enchant weapon
 o - a scroll of enchant armour
 q - a scroll of vulnerability
 r - 6 scrolls of fog
 s - 2 scrolls of immolation
 v - 3 scrolls of magic mapping
 w - 7 scrolls of fear
 x - 3 scrolls of blinking
 A - 4 scrolls of remove curse
 O - a scroll of holy word {unknown}
Potions
 d - a potion of lignification
 e - a potion of cancellation {unknown}
 h - a potion of ambrosia
 l - a potion of agility {unknown}
 n - 2 potions of magic {unknown}
 t - 3 potions of degeneration {unknown}
 u - 2 potions of flight {unknown}
 z - 3 potions of haste {unknown}
 B - 6 potions of brilliance {unknown}
 H - a potion of berserk rage
 M - 4 potions of might
 N - a potion of heal wounds {unknown}
 P - 2 potions of invisibility {unknown}
Books
 G - a book of Death

   Spells                             Type                      Level
   a - Corpse Rot                     Necromancy                   2
   b - Sublimation of Blood           Necromancy                   2
   c - Agony                          Necromancy                   5
   d - Dispel Undead                  Necromancy                   5
   e - Excruciating Wounds            Charms/Necromancy            5
   f - Bolt of Draining               Conjuration/Necromancy       5
Miscellaneous
 J - a crystal ball of energy
Comestibles
 c - 20 rations


   Skills:
 + Level 11.7 Fighting
 * Level 15.3 Maces & Flails
 + Level 13.1 Armour
 - Level 1.1 Dodging
 + Level 7.5 Invocations


You had 11 spell levels left.
You didn't know any spells.

Dungeon Overview and Level Annotations

Branches:
Dungeon (11/15)            Temple (0/1) D:5            Lair (3/6) D:8
  Snake (0/4) Lair:2          Orc (0/2) D:11
  Swamp: Lair:2-4    Shoals: Lair:2-4

Altars:
Ashenzari
Cheibriados
Dithmenos
Fedhas
Gozag
Hepliaklqana
Kikubaaqudgha
Nemelex Xobeh
Qazlal
Trog
Uskayaw
Vehumet
Yredelemnul
Zin
The Shining One

Shops:
D:8 *

Annotations:
Lair:1 Tiareth's ghost, journeyman DEWz


Innate Abilities, Weirdness & Mutations

((You reflexively headbutt those who attack you in melee.))
((You have a pair of horns on your head.))


Message History

* * * LOW HITPOINT WARNING * * *
The black mamba bites you but does no damage.
You puncture the black mamba!
The black mamba is heavily wounded.
The black mamba bites you!
* * * LOW HITPOINT WARNING * * *
You are lethally poisoned!
The black mamba poisons you!
You feel better. The black mamba bites you!
* * * LOW HITPOINT WARNING * * *
You are lethally poisoned!
The black mamba poisons you! The black mamba bites you.
* * * LOW HITPOINT WARNING * * *
You turn into a tree.
Your scarf of repulsion melds into your body.
Your +0 pair of gloves of archery melds into your body.
Your +0 plate armour melds into your body.
The haze of the repulsion field disappears.
Your aim is not that steady anymore.
Your roots penetrate the ground.
You die...

# ## #.######.#
#........##
.#.P....#.#
.#.#...#...#
.....##.♣..##
#.....S##..#P.##
....##....#.#...#. ..
.##.#P.........
.......}...#...
.........#......# .
.S........#....###.
.. ..............#...
.....................


You could see a black mamba.

Vanquished Creatures
  A two-headed ogre (D:10)
  A guardian serpent (D:9)
  2 black mambas (Lair:2)
  A centaur skeleton (D:10)
  3 spiny frogs (Lair:2)
  3 komodo dragons
  A polar bear (Lair:1)
  A slime creature (D:9)
  5 blink frogs (Lair:1)
  A spriggan (Lair:1)
  Sigmund (D:5)
  A vampire mosquito (D:9)
  Edmund (D:4)
  11 water moccasins
  3 orc warriors
  4 ice beasts
  4 porcupines (Lair:1)
  2 sky beasts
  2 phantoms
  A black bear (D:9)
  3 eyes of draining (D:8)
  5 ogres
  6 wolves (Lair:1)
  2 centaurs
  3 crocodiles (Lair:1)
  Blork the orc (D:5)
  A big kobold (D:11)
  6 bullfrogs
  3 scorpions
  56 killer bees
  9 wights
  7 howler monkeys
  4 centaur zombies
  2 crimson imps
  2 bullfrog zombies
  A quasit (D:10)
  6 hounds
  8 orc priests
  Crazy Yiuf (D:4)
  3 bullfrog skeletons
  6 iguanas
  Natasha (thrice) (D:3)
  4 orc wizards
  9 worker ants
  A killer bee zombie (D:8)
  A hound zombie (D:10)
  A howler monkey zombie (D:9)
  A worker ant zombie (D:9)
  Robin (D:3)
  A howler monkey skeleton (D:7)
  13 adders
  11 gnolls
  2 adder zombies
  2 adder skeletons (D:5)
  A worm (D:2)
  4 dart slugs
  5 leopard geckos
  34 orcs
  9 giant cockroaches
  10 goblins
  9 hobgoblins
  8 jackals
  4 kobolds
  5 quokkas
  7 ball pythons
  6 bats
  3 frilled lizards (D:1)
  12 rats
351 creatures vanquished.

Vanquished Creatures (others)
  12 plants (D:8)
12 creatures vanquished.

Grand Total: 363 creatures vanquished

Notes
Turn   | Place    | Note
-------+----------+-------------------------------------------
     0 | Abyss:1  | diana the Minotaur Abyssal Knight began the quest for the Orb.
     0 | Abyss:1  | Reached XP level 1. HP: 19/19 MP: 1/1
    73 | Abyss:1  | Noticed a tentacled starspawn
    74 | D:1      | Escaped the Abyss
   735 | D:1      | Reached * piety under Lugonu
   735 | D:1      | Reached XP level 2. HP: 27/27 MP: 2/2
   740 | D:1      | Reached skill level 3 in Maces & Flails
  1208 | D:2      | Reached XP level 3. HP: 26/33 MP: 3/3
  1686 | D:2      | Reached ** piety under Lugonu
  1701 | D:2      | Reached skill level 4 in Maces & Flails
  2093 | D:2      | Found a sparkling altar of Nemelex Xobeh.
  2340 | D:3      | Reached XP level 4. HP: 40/40 MP: 4/4
  3035 | D:3      | Found a glowing silver altar of Zin.
  3144 | D:3      | Noticed Natasha
  3147 | D:3      | Killed Natasha
  3147 | D:3      | Reached XP level 5. HP: 47/47 MP: 5/5
  3199 | D:3      | Noticed Natasha
  3206 | D:3      | Killed Natasha
  3206 | D:3      | Reached skill level 5 in Maces & Flails
  3210 | D:3      | Noticed Natasha
  3214 | D:3      | Killed Natasha
  3559 | D:3      | Noticed Robin
  3575 | D:3      | Killed Robin
  3575 | D:3      | Reached skill level 5 in Fighting
  3647 | D:4      | Reached *** piety under Lugonu
  3891 | D:4      | Reached XP level 6. HP: 33/56 MP: 6/6
  3996 | D:4      | Reached skill level 6 in Maces & Flails
  4568 | D:4      | Found a runed door.
  4572 | D:4      | Noticed Crazy Yiuf
  4572 | D:4      | Noticed Edmund
  4581 | D:4      | Killed Crazy Yiuf
  4588 | D:4      | Killed Edmund
  4682 | D:5      | Entered Level 5 of the Dungeon
  4690 | D:5      | Reached skill level 5 in Armour
  4690 | D:5      | Reached XP level 7. HP: 62/62 MP: 7/7
  4697 | D:5      | Noticed Blork the orc
  4706 | D:5      | Killed Blork the orc
  4706 | D:5      | Reached skill level 7 in Maces & Flails
  4723 | D:6      | HP: 1/62 [hound (4)]
  5402 | D:5      | Reached skill level 8 in Maces & Flails
  5443 | D:5      | Noticed Sigmund
  5467 | D:4      | Reached XP level 8. HP: 34/71 MP: 8/8
  5751 | D:5      | Killed Sigmund
  5778 | D:5      | Reached skill level 9 in Maces & Flails
  6015 | D:5      | Found a staircase to the Ecumenical Temple.
  6092 | D:5      | Found a radiant altar of Vehumet.
  6179 | D:5      | Found a snail-covered altar of Cheibriados.
  6295 | D:6      | Found a stormy altar of Qazlal.
  6295 | D:6      | Found a shadowy altar of Dithmenos.
  6318 | D:6      | Found a hazy altar of Hepliaklqana.
  6319 | D:6      | Found a hide-covered altar of Uskayaw.
  6326 | D:6      | Found an opulent altar of Gozag.
  6601 | D:6      | Reached skill level 10 in Maces & Flails
  6632 | D:6      | Found a basalt altar of Yredelemnul.
  6734 | D:6      | Found a glowing golden altar of the Shining One.
  7062 | D:7      | Reached XP level 9. HP: 55/81 MP: 9/9
  7095 | D:7      | Reached **** piety under Lugonu
  7405 | D:7      | Found an ancient bone altar of Kikubaaqudgha.
  7405 | D:7      | Found a blossoming altar of Fedhas.
  7541 | D:7      | Found a blossoming altar of Fedhas.
  7790 | D:7      | Reached skill level 11 in Maces & Flails
  8091 | D:8      | Found a bloodstained altar of Trog.
  8373 | D:8      | Found Mumel's Assorted Antiques.
  8757 | D:8      | Reached skill level 12 in Maces & Flails
  8922 | D:8      | Noticed a komodo dragon
  8931 | D:8      | Killed a komodo dragon
  8931 | D:8      | Reached XP level 10. HP: 76/91 MP: 10/10
  9043 | D:8      | Found a staircase to the Lair.
  9167 | D:9      | Reached ***** piety under Lugonu
  9484 | D:9      | Found a shattered altar of Ashenzari.
  9520 | D:9      | Noticed a guardian serpent
  9524 | D:9      | Killed a guardian serpent
  9874 | D:9      | Reached skill level 10 in Fighting
 10160 | D:10     | Entered Level 10 of the Dungeon
 10173 | D:10     | Noticed a two-headed ogre
 10179 | D:10     | Killed a two-headed ogre
 10179 | D:10     | Reached skill level 13 in Maces & Flails
 10201 | D:10     | Reached skill level 10 in Armour
 10299 | D:10     | HP: 3/94 [killer bee (6)]
 10401 | D:10     | Reached XP level 11. HP: 27/101 MP: 11/11
 10846 | D:10     | Reached skill level 14 in Maces & Flails
 11995 | D:11     | Found a staircase to the Orcish Mines.
 12295 | D:11     | Noticed a two-headed ogre
 12784 | Lair:1   | Entered Level 1 of the Lair of Beasts
 13097 | Lair:1   | Noticed Tiareth's ghost (journeyman DEWz)
 13177 | Lair:1   | Reached ****** piety under Lugonu
 13579 | Lair:1   | Identified a scroll of acquirement
 13594 | Lair:1   | Reached XP level 12. HP: 110/110 MP: 12/16
 13786 | Lair:1   | Reached skill level 15 in Maces & Flails
 14160 | Lair:2   | Found a staircase to the Snake Pit.
 15131 | Lair:3   | HP: 2/111 [black mamba (15)]
 15133 | Lair:3   | Succumbed to a black mamba's poison

Skill      XL: |  1  2  3  4  5  6  7  8  9 10 11 12 |
---------------+-------------------------------------+-----
Maces & Flails | 3 4 5 6 8 10 12 13 14 15 | 15.3
Fighting       | 4 5 6 7 9 10 11 | 11.7
Armour         | 3 4 5 6 7 9 10 12 13 | 13.1
Invocations    | 7 |  7.5
Dodging        | |  1.1

Action                   |  1- 3 |  4- 6 |  7- 9 | 10-12 || total
-------------------------+-------+-------+-------+-------++-------
Melee: Mace              |    81 |   131 |   352 |    81 ||   645
       Headbutt          |    11 |    13 |    66 |    56 ||   146
       Dire flail        |       |       |       |   355 ||   355
Invok: Depart the Abyss  |     1 |       |       |       ||     1
       Bend Space        |       |       |       |     2 ||     2
Evoke: Wand              |       |       |     2 |    10 ||    12
  Use: Potion            |       |     1 |     2 |     7 ||    10
       Scroll            |       |       |       |    17 ||    17
  Eat: Chunk             |     4 |     8 |    13 |    10 ||    35
       Ration            |       |       |       |     3 ||     3
Armor: Leather armour    |    29 |    21 |       |       ||    50
       Chain mail        |       |    11 |   156 |       ||   167
       Plate armour      |       |       |    22 |   251 ||   273
Dodge: Dodged            |    67 |    79 |   124 |   149 ||   419
       Deflected         |     5 |       |     4 |     2 ||    11
